 Dungeon Crawl Stone Soup version 0.20.1-1-g8b1a95d (webtiles) character file.

1917 Internecine the Chiller (level 8, -6/62 HPs)
             Began as a Grey Draconian Ice Elementalist on Sept 28, 2017.
             Killed by divine providence
             ... invoked by an orc priest
              (12 damage)
             ... on level 7 of the Dungeon.
             The game lasted 01:08:47 (7610 turns).

Internecine the Chiller (DrIE)                      Turns: 7610, Time: 01:08:47

Health: -6/62      AC: 12    Str: 12    XL:     8   Next: 95%
Magic:  3/16       EV: 14    Int: 16    God:
Gold:   337        SH:  0    Dex: 18    Spells: 12/18 levels left

rFire    . . .     SeeInvis .   s - +3 quarterstaff (chaos)
rCold    . . .     Gourm    .   (shield currently unavailable)
rNeg     + . .     Faith    .   (armour unavailable)
rPois    .         Spirit   .   (helmet restricted)
rElec    .         Reflect  .   U - scarf {repulsion}
rCorr    .         Harm     .   t - +0 pair of gloves
MR       .....                  (no boots)
Stlth    +++.......             (no amulet)
Regen    0.2/turn               q - +6 ring of dexterity
MPRegen  0.2/turn               K - ring of positive energy

@: about to teleport, hasted, repel missiles, very quick
A: walk through water, unfitting armour, unbreathing, cold-blooded, AC +11
a: no special abilities


You were on level 7 of the Dungeon.
You were hungry.

You visited 1 branch of the dungeon, and saw 8 of its levels.

You collected 337 gold pieces.

Inventory:

Hand Weapons
 j - a +0 short sword
 m - a +0 hunting sling
 r - a +0 flail
 s - a +3 quarterstaff of chaos (weapon)
 w - a +0 hand axe
 E - a +0 short sword of protection
 L - a +0 blowgun
 M - a +0 flail
 P - a +0 hand axe of flaming
 X - a +0 quarterstaff
Missiles
 d - 82 arrows
 k - 42 poisoned needles
 o - 96 stones (quivered)
 v - 44 bolts
 y - 46 sling bullets
 B - 2 throwing nets
 C - 6 tomahawks
 W - 4 javelins of penetration
Armour
 t - a +0 pair of gloves (worn)
 x - a +0 cloak
 U - a scarf of repulsion (worn)
Magical Staves
 I - an uncursed staff of air {unknown}
Jewellery
 q - a +6 ring of dexterity (left hand)
 K - a ring of positive energy (right hand)
Wands
 G - a wand of flame (19/48)
 N - a wand of flame (34/48)
Scrolls
 h - 3 scrolls of identify
 n - 6 scrolls of teleportation
 z - 4 scrolls of amnesia
 D - a scroll of enchant armour {unknown}
 F - 2 scrolls of remove curse
 O - a scroll of enchant weapon {unknown}
 R - a scroll of magic mapping {unknown}
 S - a scroll of fog {unknown}
 T - a scroll of recharging {unknown}
Potions
 c - a potion of mutation {unknown}
 e - 2 potions of haste
 f - 2 potions of might
 g - a potion of berserk rage {unknown}
 i - 2 potions of lignification {unknown}
 l - 2 potions of curing
 p - a potion of heal wounds {unknown}
 u - a potion of brilliance {unknown}
 H - a potion of ambrosia
 Q - a potion of degeneration {unknown}
 V - a potion of flight {unknown}
Books
 a - a book of Frost

   Spells                             Type                      Level
   a - Freeze                         Ice                          1
   b - Throw Frost                    Conjuration/Ice              2
   c - Ozocubu's Armour               Charms/Ice                   3
   d - Throw Icicle                   Conjuration/Ice              4
   e - Summon Ice Beast               Ice/Summoning                4
Comestibles
 b - 2 bread rations
 A - 5 royal jellies
 J - 3 fruits
 Y - a meat ration


   Skills:
 + Level 2.6 Fighting
 + Level 1.2 Short Blades
 + Level 1.0 Axes
   Level 0.2(2.3) Polearms
 + Level 3.6 Staves
 + Level 2.3(2.5) Slings
 + Level 1.1(1.9) Throwing
 + Level 3.3 Dodging
 + Level 3.6 Stealth
 + Level 5.6 Spellcasting
 + Level 2.6 Conjurations
 + Level 0.1 Charms
 + Level 6.4 Ice Magic
 + Level 0.8 Evocations


You had 12 spell levels left.
You knew the following spells:

 Your Spells              Type           Power        Failure   Level  Hunger
a - Freeze                Ice            ####         1%          1    None
b - Throw Frost           Conj/Ice       ###...       3%          2    #......
c - Ozocubu's Armour      Chrm/Ice       ###.....     11%         3    ###....


Dungeon Overview and Level Annotations

Branches:
Dungeon (8/15)             Temple (0/1) D:4
   Lair: D:8-11

Altars:
Nemelex Xobeh
Qazlal
Vehumet


Innate Abilities, Weirdness & Mutations

You can walk through water.
Your dull iron-grey scales are very hard. (AC +11)
You cannot fit into any form of body armour.
You can survive without breathing.
You are cold-blooded and may be slowed by cold attacks.


Message History

The orc warrior is severely wounded.
The orc wizard mumbles some strange words.
The orc wizard blinks!
The orc warrior hits you with a flail.
You closely miss the orc warrior.
You tail-slap the orc warrior, but do no damage.
The orc warrior is severely wounded.
The orc priest invokes the aid of Beogh against you.
Beogh smites you! The orc warrior barely misses you.
As you read the scroll of teleportation, it crumbles to dust.
You feel strangely unstable. The orc warrior hits you with a flail!
* * * LOW HITPOINT WARNING * * *
The orc priest miscasts a cantrip.
You feel better.
The orc priest mumbles some strange prayers to Beogh against you.
Beogh smites you!
* * * LOW HITPOINT WARNING * * *
Your magical contamination has completely faded away.
The orc priest calls down the wrath of Beogh upon you.
Beogh smites you!
You die...

#..#...#
#..#...###########
#..#.............#
#..##..#########.#
#......# #.#
#.###.## #.#
#.###.# #.#
...##.# #.#
##.##.# #@# #.##.#
#o# .....# #.#
#.#..# #o# #....


#Foo# ##. .# ..oo... . .# ##)####.# .. .# ... # You could see an orc warrior, a
bullfrog, 2 orc priests, an orc wizard and 2 orcs.

Vanquished Creatures
  2 black bears (D:6)
  2 ice beasts
  3 ogres (D:6)
  Blork the orc (D:5)
  3 bullfrogs (D:6)
  A scorpion (D:4)
  A jelly (D:5)
  2 howler monkeys
  2 crimson imps (D:6)
  A bullfrog zombie (D:6)
  A centaur zombie (D:5)
  A hound (D:6)
  Crazy Yiuf (D:4)
  2 orc priests (D:4)
  5 orc wizards
  2 iguanas
  5 worker ants
  A hound zombie (D:7)
  A worker ant zombie (D:5)
  Robin (D:2)
  8 gnolls
  7 adders
  A shadow imp (D:5)
  2 worms (D:2)
  4 dart slugs
  2 leopard geckos
  14 orcs
  7 bats
  6 giant cockroaches
  10 hobgoblins
  10 jackals
  6 kobolds
  2 quokkas
  2 ball pythons
  4 frilled lizards
  13 goblins
  A quokka zombie (D:5)
  8 rats
145 creatures vanquished.

Vanquished Creatures (others)
  A frilled lizard (D:4)
  A fungus (D:4)
2 creatures vanquished.

Grand Total: 147 creatures vanquished

Notes
Turn   | Place    | Note
-------+----------+-------------------------------------------
     0 | D:1      | Internecine the Draconian Ice Elementalist began the quest for the Orb.
     0 | D:1      | Reached XP level 1. HP: 14/14 MP: 3/3
   232 | D:1      | Reached XP level 2. HP: 16/20 MP: 5/5
   383 | D:1      | Learned a level 2 spell: Throw Frost
  1055 | D:1      | Reached XP level 3. HP: 24/26 MP: 2/6
  1212 | D:1      | Learned a level 3 spell: Ozocubu's Armour
  1314 | D:2      | Noticed Robin
  1327 | D:2      | Reached skill level 4 in Ice Magic
  1383 | D:2      | Killed Robin
  1894 | D:2      | Reached XP level 4. HP: 25/33 MP: 7/7
  1920 | D:2      | Reached skill level 1 in Slings
  2041 | D:2      | Reached skill level 1 in Fighting
  2233 | D:2      | Reached XP level 5. HP: 40/40 MP: 5/9
  3844 | D:4      | Found a staircase to the Ecumenical Temple.
  3980 | D:4      | Reached XP level 6. HP: 45/47 MP: 3/10
  3985 | D:4      | Reached skill level 5 in Ice Magic
  3990 | D:4      | Reached skill level 1 in Short Blades
  4344 | D:4      | Found a stormy altar of Qazlal.
  4504 | D:4      | Reached skill level 1 in Throwing
  4570 | D:4      | Found a runed door.
  4946 | D:4      | Noticed Crazy Yiuf
  4954 | D:4      | Killed Crazy Yiuf
  4954 | D:4      | Your scales start taking on a dull iron-grey colour.
  4954 | D:4      | Reached XP level 7. HP: 39/53 MP: 4/12
  4954 | D:4      | Gained mutation: You can survive without breathing. [Grey Draconian growth]
  5043 | D:5      | Entered Level 5 of the Dungeon
  5133 | D:5      | Noticed Blork the orc
  5154 | D:5      | Killed Blork the orc
  5444 | D:5      | Found a radiant altar of Vehumet.
  5632 | D:5      | Reached skill level 6 in Ice Magic
  5753 | D:6      | Reached skill level 1 in Staves
  5756 | D:6      | Reached skill level 1 in Axes
  5961 | D:5      | Reached XP level 8. HP: 61/61 MP: 6/15
  6472 | D:6      | Reached skill level 5 in Spellcasting
  6777 | D:6      | Found a sparkling altar of Nemelex Xobeh.
  7191 | D:7      | You fall through a shaft!
  7610 | D:7      | Killed from afar by an orc priest

Skill      XL: |  1  2  3  4  5  6  7  8 |
---------------+-------------------------+-----
Dodging        | 2 3 |  3.3
Ice Magic      | 4 5 6 |  6.4
Slings         | 1 2 |  2.3
Fighting       | 1 2 |  2.6
Spellcasting   | 3 4 5 |  5.6
Short Blades   | 1 |  1.2
Stealth        | 2 3 |  3.6
Throwing       | 1 |  1.1
Staves         | 1 3 |  3.6
Axes           | 1 |  1.0
Conjurations   | 2 |  2.6
Polearms       | |  0.2
Charms         | |  0.1
Evocations     | |  0.8

Action                   |  1- 3 |  4- 6 |  7- 9 || total
-------------------------+-------+-------+-------++-------
Melee: Spear             |    17 |       |       ||    17
       Tailslap          |     4 |     7 |    20 ||    31
       Unarmed           |     1 |       |       ||     1
       Short sword       |    27 |    28 |       ||    55
       Quarterstaff      |       |       |   114 ||   114
       Hand axe          |       |       |    10 ||    10
 Fire: Hunting sling     |    22 |    42 |    11 ||    75
Throw: Stone             |     4 |    43 |    21 ||    68
 Cast: Freeze            |    56 |    87 |    29 ||   172
       Ozocubu's Armour  |       |     1 |       ||     1
       Throw Frost       |       |       |    66 ||    66
Evoke: Wand              |       |       |     3 ||     3
  Use: Potion            |       |       |     7 ||     7
       Scroll            |       |       |     6 ||     6
 Stab: Petrified         |       |       |     8 ||     8
       Petrifying        |       |       |     1 ||     1
       Sleeping          |       |       |     1 ||     1
  Eat: Chunk             |     4 |     4 |     5 ||    13
       Meat ration       |       |     1 |       ||     1
       Bread ration      |       |     1 |       ||     1
Armor: Skin              |    26 |    19 |    62 ||   107
Dodge: Dodged            |    52 |    76 |   124 ||   252
